 Dungeon Crawl Stone Soup version 0.26-a0-812-g31a745ddcd (webtiles) character file.

Game seed: 8168397335291417781

200 kae the Chopper (level 5, -2/47 HPs)
             Began as a Hill Orc Fighter on Dec 9, 2020.
             Slain by Sigmund
             ... wielding a +1 vampiric scythe
              (4 damage)
             ... on level 3 of the Dungeon.
             The game lasted 00:00:50 (2097 turns).

kae the Chopper (Hill Orc Fighter)                  Turns: 2097, Time: 00:00:51

Health: -2/47      AC:  7    Str: 20    XL:     5   Next: 79%
Magic:  5/5        EV:  8    Int:  8    God:
Gold:   113        SH:  9    Dex: 10    Spells: 4/4 levels left

rFire    . . .     SeeInvis .   a - +0 war axe
rCold    . . .     Faith    .   c - +0 kite shield
rNeg     . . .     Spirit   .   b - +0 scale mail
rPois    .         Reflect  .   (no helmet)
rElec    .         Harm     .   (no cloak)
rCorr    .         Rampage  .   (no gloves)
MR       .....                  (no boots)
Stlth    ..........             (no amulet)
HPRegen  0.15/turn              (no ring)
MPRegen  0.09/turn              (no ring)

@: mighty
A: no striking features
a: no special abilities


You were on level 3 of the Dungeon.
You visited 1 branch of the dungeon, and saw 3 of its levels.

You collected 113 gold pieces.

Inventory:

Hand Weapons
 a - a +0 war axe (weapon)
Armour
 b - a +0 scale mail (worn)
 c - a +0 kite shield (worn)
Jewellery
 l - a +4 ring of protection
Scrolls
 f - a scroll of amnesia {unknown}
 h - a scroll of immolation {unknown}
 i - a scroll of remove curse {unknown}
 j - 2 scrolls of enchant weapon {unknown}
 k - 3 scrolls of identify {unknown}
 p - a scroll of magic mapping {unknown}
 s - a scroll of enchant armour {unknown}
Potions
 d - a potion of might
 e - 2 potions of flight {unknown}
 g - a potion of brilliance {unknown}
 m - a potion of berserk rage {unknown}
 n - 2 potions of mutation {unknown}
 o - a potion of heal wounds {unknown}
 q - a potion of invisibility {unknown}
 r - a potion of ambrosia {unknown}


   Skills:
 + Level 4.6 Fighting
 * Level 5.3 Axes
 + Level 4.2 Armour
 + Level 1.7 Dodging
 - Level 3.2 Shields


You had 4 spell levels left.
You didn't know any spells.
Your spell library contained the following spells:

 Spells                   Type           Power        Failure   Level
 Beastly Appendage        Tmut           #.....       99%         1
 Wereblood                Tmut           #.......     100%        2
 Spider Form              Tmut/Pois      #.........   100%        3
 Ice Form                 Ice/Tmut       #.......     100%        4
 Blade Hands              Tmut           #.........   100%        5


Dungeon Overview and Level Annotations

Branches:
Dungeon (3/15)

Altars:

Annotations:
D:3 Sigmund


Message History

You block the kobold's attack.
You slice the kobold!!
You kill the kobold!
You hear some strange, mumbled words.
Something tries to affect you, but you resist.
Something hits you.
Things that are here:
a stone; a kobold corpse You slice something!!
You hear some strange, mumbled words.
A magic dart appears from out of thin air!
The magic dart hits you.
You closely miss something. Something hits you.
You slash something! Something hits you!
You hit something. Something hits you!
* * * LOW HITPOINT WARNING * * *
You closely miss something. Something hits you!
* * * LOW HITPOINT WARNING * * *
You miss something. Something hits you.
You die...

#...#
#.......#######..##.
#.###
#######....##...###. #.#
####.......... ###
###.##.#..# ####.##.†.##
#####....##..#..
#.....##........
######.#(........####
#..{@.(....(........
......?$########.......#
######### #...[...#
#.......# #.......#
#.......#


There were no monsters in sight!

Vanquished Creatures
  2 hounds
  A worker ant (D:2)
  5 adders
  A worm (D:3)
  3 dart slugs (D:1)
  A leopard gecko (D:2)
  3 orcs (D:3)
  A ball python (D:1)
  2 giant cockroaches
  8 goblins
  5 hobgoblins
  4 jackals (D:2)
  11 kobolds
  5 bats
  4 frilled lizards
  8 rats
64 creatures vanquished.

Notes
Turn   | Place    | Note
-------+----------+-------------------------------------------
     0 | D:1      | kae the Hill Orc Fighter began the quest for the Orb.
     0 | D:1      | Reached XP level 1. HP: 19/19 MP: 1/1
     6 | D:1      | Noticed a swamp worm
     6 | D:1      | Noticed a black mamba
     6 | D:1      | Noticed a komodo dragon
     7 | D:1      | Noticed a wolf
    74 | D:1      | Reached skill level 3 in Axes
   115 | D:1      | Reached XP level 2. HP: 27/27 MP: 2/2
   392 | D:1      | Reached XP level 3. HP: 32/33 MP: 3/3
   586 | D:2      | Reached skill level 1 in Dodging
   714 | D:2      | Reached skill level 4 in Axes
   721 | D:2      | Reached XP level 4. HP: 21/40 MP: 4/4
  1001 | D:2      | Reached XP level 5. HP: 37/47 MP: 5/5
  1759 | D:3      | Reached skill level 5 in Axes
  2082 | D:3      | Noticed Sigmund
  2096 | D:3      | HP: 2/47 [something (11)]
  2097 | D:3      | Slain by Sigmund

Illustrated notes

Levels and vault maps discovered:
D:1:      onia_arrival_zoo_common, layout_basic
D:2:      layout_basic, nicolae_overflow_hidden_temple
D:3:      layout_rooms, chequers_serial_rivers_large_b, uniq_sigmund

Skill      XL: |  1  2  3  4  5 |
---------------+----------------+-----
Axes           | 3 4 5 |  5.3
Fighting       | 4 |  4.6
Dodging        | 1 |  1.7
Armour         | 4 |  4.2
Shields        | |  3.2

Action                   |  1- 3 |  4- 6 || total
-------------------------+-------+-------++-------
Melee: War axe           |   104 |   120 ||   224
  Use: Potion            |       |     1 ||     1
Armor: Scale mail        |    49 |    59 ||   108
Dodge: Dodged            |    35 |    39 ||    74
Block: Kite shield       |    55 |    61 ||   116

Table legend: (Time is in decaauts)
 A = Elapsed time spent in this place.
 B = Non-inter-level travel time spent in this place.
 C = Inter-level travel time spent in this place.
 D = Time resting spent in this place.
 E = Time spent auto-exploring this place.
 F = Levels seen in this place.
 G = Mean time per level.
                   A        B        C        D        E       F      G
               +--------+--------+--------+--------+--------+-----+--------+
         Total |   2178 |   2141 |     37 |     53 |   1643 |   3 |  726.0 |
       Dungeon |   2178 |   2141 |     37 |     53 |   1643 |   3 |  726.0 |
               +--------+--------+--------+--------+--------+-----+--------+

Top non-repeatable levels by time:
     D:2: 982 daAuts
     D:1: 613 daAuts
     D:3: 582 daAuts
